 Dungeon Crawl Stone Soup version 0.21.0 (webtiles) character file.

9830 subgenius the Bludgeoner (level 11, -1/100 HPs)
             Began as a Gargoyle Berserker on Jan 7, 2018.
             Was a High Priest of Trog.
             Killed by mirror damage (8 damage)
             ... on level 11 of the Dungeon.
             The game lasted 00:26:02 (11364 turns).

subgenius the Bludgeoner (Gargoyle Berserker)      Turns: 11364, Time: 00:26:02

Health: -1/100     AC: 20    Str: 27    XL:     11   Next: 52%
Magic:  11/11      EV: 13    Int:  7    God:    Trog [*****.]
Gold:   417        SH:  6    Dex: 17    Spells: 10/10 levels left

rFire    . . .     SeeInvis .   a - +3 flail (crush)
rCold    . . .     Gourm    +   O - +2 buckler
rNeg     + . .     Faith    .   v - +0 chain mail
rPois    ∞         Spirit   .   o - +0 helmet
rElec    +         Reflect  .   (no cloak)
rCorr    .         Harm     .   (no gloves)
MR       +....                  j - +0 pair of boots
Stlth    ..........             F - amulet of the gourmand
HPRegen  0.26/turn              A - +2 ring of protection
MPRegen  0.12/turn              C - ring of protection from magic

@: agile, berserking, barbed spikes, hasted, very quick
A: negative energy resistance 1, electricity resistance, unbreathing,
petrification resistance, rot immunity, AC +8
a: Berserk, Trog's Hand, Brothers in Arms, Burn Spellbooks, Renounce Religion


You were on level 11 of the Dungeon.
You worshipped Trog.
Trog was extremely pleased with you.
You were full.

You visited 2 branches of the dungeon, and saw 12 of its levels.

You collected 555 gold pieces.
You spent 138 gold pieces at shops.

Inventory:

Hand Weapons
 a - a +3 flail of crushing (weapon)
 b - a +2 hunting sling of freezing
 x - the +5 rapier "Warhulups" {freeze, *Rage Int+6 SInv}
   (You found it on level 4 of the Dungeon)

   It has been specially enchanted to freeze those struck by it, causing extra
   injury to most foes and up to half again as much damage against particularly
   susceptible opponents.
   It can also slow down cold-blooded creatures.
   It affects your intelligence (+6).
   It lets you see invisible.
   It may make you go berserk in combat.
Missiles
 L - 4 steel javelins (quivered)
Armour
 j - a +0 pair of boots (worn)
 o - a +0 helmet (worn)
 v - a +0 chain mail (worn)
 O - a +2 buckler (worn)
Jewellery
 A - a +2 ring of protection (left hand)
 C - a ring of protection from magic (right hand)
 F - an amulet of the gourmand (around neck)
Wands
 e - a wand of polymorph (14)
 g - a wand of iceblast (10)
 l - a wand of random effects (33)
 t - a wand of acid (9)
 B - a wand of enslavement (10)
 M - a wand of paralysis (17)
Scrolls
 k - 3 scrolls of blinking
 m - 3 scrolls of enchant weapon
 n - 2 scrolls of remove curse
 q - a scroll of immolation {unknown}
 r - 4 scrolls of magic mapping {unknown}
 u - a scroll of amnesia {unknown}
 y - 4 scrolls of identify
 D - 7 scrolls of teleportation
 E - a scroll of torment {unknown}
 K - 3 scrolls of enchant armour {unknown}
Potions
 f - 2 potions of agility
 h - a potion of curing
 i - a potion of haste
 p - 2 potions of lignification
 s - 3 potions of mutation
 w - 2 potions of flight {unknown}
 z - a potion of degeneration {unknown}
 I - a potion of magic {unknown}
 J - 2 potions of might
Books
 d - a book of Changes

   Spells                             Type                      Level
   a - Beastly Appendage              Transmutation                1
   b - Sticks to Snakes               Transmutation                2
   c - Spider Form                    Transmutation/Poison         3
   d - Ice Form                       Ice/Transmutation            4
   e - Blade Hands                    Transmutation                5
   Trog disapproves of the use of such an item.
Miscellaneous
 G - a phial of floods
 H - a lamp of fire
Comestibles
 c - 13 rations


   Skills:
 + Level 7.2 Fighting
 - Level 16.0 Maces & Flails
 - Level 2.1 Armour
 - Level 1.5 Dodging


You had 10 spell levels left.
You didn't know any spells.

Dungeon Overview and Level Annotations

Branches:
Dungeon (11/15)            Temple (1/1) D:4
   Lair: D:8-11         Orc: D:9-12

Altars:
Ashenzari
Cheibriados
Dithmenos
Elyvilon
Fedhas
Gozag
Hepliaklqana
Kikubaaqudgha
Makhleb
Nemelex Xobeh
Okawaru
Qazlal
Ru
Sif Muna
Trog
Uskayaw
Vehumet
Wu Jian
Xom
Yredelemnul
Zin
The Shining One

Shops:
D:7 ?


Innate Abilities, Weirdness & Mutations

You are resistant to torment.
Your stone body is resilient. (AC +8)
You are immune to poison.
You resist negative energy. (rN+)
You are resistant to electric shocks. (rElec)
You can survive without breathing.
You are immune to petrification.
You are immune to rotting.


Message History

You bludgeon the manticore!!
You kill the manticore!
Trog accepts your kill.
Your Fighting skill increases to level 7!
The death knight hits you with an enchanted broad axe!
* * * LOW HITPOINT WARNING * * *
Unknown command.
You feel better. The death knight closely misses you.
You feel agile all of a sudden.
The death knight hits you with an enchanted broad axe!!
* * * LOW HITPOINT WARNING * * *
You feel yourself speed up.
A red film seems to cover your vision as you go berserk!
You feel yourself moving faster!
You feel mighty!
The death knight hits you with an enchanted broad axe!
* * * LOW HITPOINT WARNING * * *
You sock the death knight!
The death knight is lightly wounded.
The death knight reflects your damage back at you!
You die...

# #...##
###.##...#####.##
.................
##.##..######.#.
.. ##.## . #..#
#..######
#.........
#@.######.
......†p.#
.##.......#
..........#
.##.#......
#..........
#..........#
............


You could see a death knight.

Vanquished Creatures
  The ghost of Gandalfino the Protected, a journeyman GrFi of Cheibriados (D:10)
  A two-headed ogre (D:8)
  Pikel (D:4)
  A manticore (D:11)
  The ghost of theswoord the Skirmisher, a novice GrAK of Lugonu (D:6)
  A kobold demonologist (D:7)
  5 hippogriffs
  A wyvern (D:8)
  5 yaks (D:9)
  Eustachio (D:4)
  Grum (D:8)
  The ghost of theswoord the Skirmisher, an amateur GrAK of Lugonu (D:4)
  A water moccasin (D:8)
  Duvessa (D:4)
  2 sky beasts
  An orc warrior (D:9)
  5 ice beasts
  A phantom (D:8)
  3 wolves (D:8)
  2 eyes of draining (D:5)
  6 ogres
  A centaur (D:10)
  8 bullfrogs
  2 wyvern zombies (D:6)
  Dowan (D:4)
  4 scorpions
  8 killer bees
  A howler monkey (D:9)
  2 electric eels (D:6)
  3 crimson imps
  A centaur zombie (D:6)
  A quasit (D:6)
  A bullfrog zombie (D:6)
  2 jellies
  4 hounds
  6 orc priests
  3 centaur skeletons
  An iguana (D:8)
  4 orc wizards
  8 worker ants
  3 hound skeletons (D:6)
  2 hound zombies
  4 worker ant zombies
  2 gnolls (D:3)
  13 adders
  A shadow imp (D:10)
  4 oozes
  3 adder skeletons
  An adder zombie (D:6)
  3 worms
  3 dart slugs
  4 leopard geckos
  26 orcs
  7 giant cockroaches
  6 goblins
  9 hobgoblins
  15 jackals
  8 quokkas
  2 ball pythons
  11 bats
  8 frilled lizards
  A giant cockroach zombie (D:6)
  A jackal zombie (D:7)
  8 kobolds
  A leopard gecko skeleton (D:6)
  2 quokka zombies (D:6)
  11 rats
262 creatures vanquished.

Vanquished Creatures (collateral kills)
  A phantom (D:7)
  2 hounds (D:7)
3 creatures vanquished.

Vanquished Creatures (others)
  2 orcs (D:4)
2 creatures vanquished.

Grand Total: 267 creatures vanquished

Notes
Turn   | Place    | Note
-------+----------+-------------------------------------------
     0 | D:1      | subgenius the Gargoyle Berserker began the quest for the Orb.
     0 | D:1      | Reached XP level 1. HP: 14/14 MP: 1/1
   276 | D:1      | Reached XP level 2. HP: 16/19 MP: 2/2
   647 | D:1      | Reached skill level 4 in Maces & Flails
   782 | D:2      | Found a faded altar of an unknown god.
   788 | D:2      | Reached XP level 3. HP: 21/23 MP: 3/3
   959 | D:2      | Reached ** piety under Trog
  1049 | D:2      | Reached XP level 4. HP: 27/28 MP: 4/4
  1131 | D:2      | Reached skill level 5 in Maces & Flails
  1213 | D:2      | Found a burning altar of Makhleb.
  1380 | D:2      | Reached XP level 5. HP: 32/32 MP: 5/5
  1944 | D:3      | Reached skill level 6 in Maces & Flails
  2540 | D:3      | Reached *** piety under Trog
  3036 | D:4      | Noticed Eustachio
  3046 | D:4      | Reached XP level 6. HP: 37/37 MP: 6/6
  3066 | D:4      | Killed Eustachio
  3066 | D:4      | Reached skill level 7 in Maces & Flails
  3341 | D:4      | Noticed Duvessa
  3342 | D:4      | Noticed Dowan
  3343 | D:4      | Found a staircase to the Ecumenical Temple.
  3349 | D:4      | Killed Duvessa
  3349 | D:4      | Reached XP level 7. HP: 41/41 MP: 7/7
  3353 | D:4      | Killed Dowan
  3353 | D:4      | Reached skill level 8 in Maces & Flails
  3433 | D:4      | Found a shimmering altar of Xom.
  3445 | D:4      | Noticed Pikel
  3452 | D:4      | Killed Pikel
  3452 | D:4      | Reached skill level 9 in Maces & Flails
  3452 | D:4      | Reached XP level 8. HP: 46/46 MP: 8/8
  3553 | D:4      | Reached skill level 10 in Maces & Flails
  3706 | D:4      | Noticed theswoord's ghost (amateur GrAK)
  3725 | D:4      | Killed theswoord's ghost
  4183 | D:4      | Got a polished rapier
  4234 | Temple   | Entered the Ecumenical Temple
  4317 | D:4      | Identified the +5 rapier "Warhulups" {freeze, *Rage Int+6 SInv} (You found it on level 4 of the Dungeon)
  4347 | D:5      | Entered Level 5 of the Dungeon
  4803 | D:5      | Found a bloodstained altar of Trog.
  4824 | D:5      | Reached skill level 11 in Maces & Flails
  4836 | D:5      | Reached XP level 9. HP: 51/51 MP: 0/9
  5708 | D:6      | Noticed theswoord's ghost (novice GrAK)
  5733 | D:6      | Killed theswoord's ghost
  5733 | D:6      | Reached skill level 12 in Maces & Flails
  5931 | D:6      | Reached **** piety under Trog
  6481 | D:6      | Reached skill level 13 in Maces & Flails
  6975 | D:7      | Noticed a kobold demonologist
  6982 | D:7      | Noticed an ice devil
  7000 | D:7      | Killed a kobold demonologist
  7000 | D:7      | Reached XP level 10. HP: 56/56 MP: 10/10
  7102 | D:7      | Identified the Almanac of Entrancing Weightlessness
  7624 | D:7      | Reached skill level 14 in Maces & Flails
  7633 | D:7      | Found Rizucwak's Magic Scroll Shop.
  7636 | D:7      | Bought a scroll of blinking for 90 gold pieces
  7636 | D:7      | Bought a scroll of random uselessness for 12 gold pieces
  7636 | D:7      | Bought a scroll of remove curse for 36 gold pieces
  7776 | D:7      | Received a gift from Trog
  7921 | D:8      | Noticed a two-headed ogre
  7928 | D:8      | Killed a two-headed ogre
  8910 | D:8      | Reached ***** piety under Trog
  8922 | D:8      | Noticed Grum
  8944 | D:8      | Killed Grum
  8944 | D:8      | Reached skill level 15 in Maces & Flails
  9902 | D:9      | Reached XP level 11. HP: 55/60 MP: 11/11
 10008 | D:9      | Reached skill level 16 in Maces & Flails
 10362 | D:10     | Entered Level 10 of the Dungeon
 10437 | D:10     | Reached skill level 5 in Fighting
 10451 | D:10     | Noticed Gandalfino's ghost (journeyman GrFi)
 10459 | D:10     | Killed Gandalfino's ghost
 11347 | D:11     | Noticed a manticore
 11351 | D:11     | Noticed a death knight
 11359 | D:11     | Killed a manticore
 11364 | D:11     | Killed by mirror damage

Skill      XL: |  1  2  3  4  5  6  7  8  9 10 11 |
---------------+----------------------------------+-----
Maces & Flails | 4 5 6 7 9 11 13 15 16 | 16.0
Fighting       | 7 |  7.2
Armour         | |  2.1
Dodging        | |  1.5

Action                   |  1- 3 |  4- 6 |  7- 9 | 10-12 || total
-------------------------+-------+-------+-------+-------++-------
Melee: Mace              |   105 |   233 |    10 |       ||   348
       Whip              |       |       |   483 |   367 ||   850
       Flail             |       |       |       |   189 ||   189
Invok: Berserk           |       |     3 |     6 |     6 ||    15
       Trog's Hand       |       |     1 |     2 |     1 ||     4
       Burn Spellbooks   |       |       |     1 |     3 ||     4
       Brothers in Arms  |       |       |     1 |       ||     1
Evoke: Wand              |       |       |       |     3 ||     3
  Use: Potion            |       |     2 |     2 |     3 ||     7
       Scroll            |       |       |     4 |     4 ||     8
  Eat: Chunk             |     1 |     6 |     1 |    31 ||    39
       Ration            |       |     2 |     6 |       ||     8
Armor: Animal skin       |    36 |       |       |       ||    36
       Leather armour    |    23 |   152 |    24 |       ||   199
       Chain mail        |       |       |   182 |   264 ||   446
Dodge: Dodged            |    79 |   197 |   119 |   139 ||   534
Block: Buckler           |       |       |       |    44 ||    44
